 Dungeon Crawl Stone Soup version 0.29.1-2-gbd0b4ee654 (webtiles) character file.

Game seed: 13450297917726866644

349 nshep25 the Covered (level 6, -3/52 HPs)
             Began as a Minotaur Fighter on Oct 31, 2022.
             Frozen to death by an endoplasm (4 damage)
             ... on level 4 of the Dungeon.
             The game lasted 00:05:46 (2919 turns).

nshep25 the Covered (Minotaur Fighter)              Turns: 2919, Time: 00:05:47

Health: -3/52      AC: 14    Str: 23    XL:     6   Next: 33%
Magic:  5/5        EV:  6    Int:  5    God:
Gold:   286        SH:  4    Dex:  9    Spells: 5/5 levels left

rFire   . . .      SeeInvis .   a - +0 war axe
rCold   . . .      Faith    .   c - +0 buckler
rNeg    . . .      Spirit   .   k - +0 plate armour
rPois   .          Reflect  .   (helmet restricted)
rElec   .          Harm     .   (no cloak)
rCorr   .          Rampage  .   h - +0 pair of gloves
Will    .....                   (no boots)
Stlth   ..........              (no amulet)
HPRegen 0.17/turn               (no ring)
MPRegen 0.09/turn               (no ring)

@: no status effects
A: horns 2, retaliatory headbutt
a: no special abilities


You were on level 4 of the Dungeon.
You visited 1 branch of the dungeon, and saw 4 of its levels.
You also visited: Sewer.

You collected 286 gold pieces.

Inventory:

Hand Weapons
 a - a +0 war axe (weapon)
Armour
 b - a +0 scale mail
 c - a +0 buckler (worn)
 h - a +0 pair of gloves (worn)
 k - a +0 plate armour (worn)
Scrolls
 e - a scroll of vulnerability {unknown}
 g - 2 scrolls of brand weapon {unknown}
 l - 2 scrolls of teleportation {unknown}
 n - a scroll of identify {unknown}
 o - 2 scrolls of fear {unknown}
 r - a scroll of butterflies {unknown}
 s - a scroll of noise {unknown}
 t - a scroll of immolation {unknown}
 u - a scroll of acquirement {unknown}
Potions
 d - 2 potions of might
 f - a potion of ambrosia {unknown}
 j - 2 potions of curing {unknown}
 m - a potion of flight {unknown}
 p - a potion of berserk rage
 q - a potion of magic {unknown}
 v - a potion of degeneration {unknown}


   Skills:
 + Level 4.1 Fighting
 + Level 5.5 Axes
 + Level 0.6 Throwing
 + Level 6.2 Armour
 + Level 0.3 Dodging
 + Level 0.1 Stealth
 + Level 4.0 Shields


You had 5 spell levels left.
You didn't know any spells.
Your spell library contained the following spells:

 Spells                   Type           Power      Damage    Failure   Level
 Conjure Flame            Conj/Fire      0%         6-21      100%        3
 Dazzling Flash           Conj/Hex       0%         N/A       100%        3
 Ignite Poison            Fire/Tmut/Pois 0%         N/A       100%        3
 Iskenderun's Mystic Bla  Conj/Tloc      0%         2d3       100%        4
 Sticky Flame             Conj/Fire      0%         2d3       100%        4
 Starburst                Conj/Fire      0%         6d3       100%        6


Dungeon Overview and Level Annotations

Branches:
Dungeon (4/15)              Sewer (visited)
 Temple: D:4-7

Altars:
Fedhas

Shops:
D:1 =


Innate Abilities, Weirdness & Mutations

You have a pair of horns on your head.
You reflexively headbutt those who attack you in melee.


Message History

You block the howler monkey's attack. The howler monkey hits you.
You closely miss the howler monkey. Your headbutt misses the howler monkey.
The howler monkey hits you.
You slash the howler monkey! Your headbutt misses the howler monkey.
The howler monkey is heavily wounded.
The howler monkey hoots and howls with incredible vigour!
An endoplasm comes into view.
An ogre comes into view. It is wielding a +0 giant club.
You block the howler monkey's attack.
The endoplasm quivers.
You hear an angry hiss.
You hit the ogre. You headbutt the ogre.
The ogre is moderately wounded.
You barely miss the howler monkey. The ogre hits you with a +0 giant club.
The howler monkey hits you but does no damage.
You hit the ogre but do no damage. Your headbutt misses the ogre.
The ogre is moderately wounded.
You slash the howler monkey!
You kill the howler monkey!
The ogre hits you with a +0 giant club!!
You closely miss the ogre.
The ogre is moderately wounded.
An iguana comes into view.
You block the ogre's attack.
You slash the ogre! Your headbutt misses the ogre.
The ogre is severely wounded.
The ogre hits you with a +0 giant club!
* * * LOW HITPOINT WARNING * * *
You slash the ogre!
The ogre is almost dead.
The endoplasm freezes you.
You are frozen.
* * * LOW HITPOINT WARNING * * *
The ogre barely misses you.
You completely miss the ogre.
The ogre is almost dead.
You hit the endoplasm but do no damage. The endoplasm freezes you.
You are frozen.
You die...

.. .. .. .# #
#. (# #. #.#.#
##.###.#.#
#........ ###.#
#.....)J#......
+..##.#@..#
#.....O#####<#
#..##.........
.. #.######)#
.. #.# .### #.#
... #.# .# #.#
# #.#


You could see an ogre and an endoplasm.

Vanquished Creatures
  Pargi (Sewer)
  A howler monkey (D:4)
  Jessica (D:2)
  2 orc wizards (D:4)
  Robin (D:2)
  4 adders
  A gnoll (D:1)
  A river rat (D:3)
  6 orcs
  8 bats
  5 endoplasms
  9 goblins
  8 hobgoblins
  5 ball pythons
  4 frilled lizards
  5 kobolds
  3 rats
65 creatures vanquished.

Vanquished Creatures (others)
  An orc wizard (D:4)
  3 plants (D:1)
4 creatures vanquished.

Grand Total: 69 creatures vanquished

Notes
Turn   | Place    | Note
-------+----------+-------------------------------------------
     0 | D:1      | nshep25 the Minotaur Fighter began the quest for the Orb.
     0 | D:1      | Reached XP level 1. HP: 19/19 MP: 0/0
   243 | D:1      | Reached skill level 4 in Armour
   243 | D:1      | Reached XP level 2. HP: 15/27 MP: 1/1
   387 | D:1      | Found a faded altar of an unknown god.
   607 | D:1      | Found Zokkeyla's One-of-a-Kind Rings.
  1095 | D:2      | Noticed Jessica
  1098 | D:2      | Killed Jessica
  1099 | D:2      | Reached XP level 3. HP: 33/33 MP: 2/2
  1101 | D:2      | Noticed Robin
  1107 | D:2      | Killed Robin
  1271 | D:2      | Reached XP level 4. HP: 35/40 MP: 3/3
  1466 | D:2      | Found a blossoming altar of Fedhas.
  1861 | D:3      | Found a glowing drain.
  1863 | D:3      | Reached skill level 5 in Armour
  1874 | Sewer    | Entered a sewer
  1896 | Sewer    | Noticed Pargi
  1904 | Sewer    | Killed Pargi
  1905 | Sewer    | Reached XP level 5. HP: 39/46 MP: 4/4
  2651 | D:4      | Reached skill level 6 in Armour
  2651 | D:4      | Reached XP level 6. HP: 45/52 MP: 5/5
  2662 | D:4      | Reached skill level 5 in Axes
  2917 | D:4      | HP: 2/52 [ogre/+0 giant club (17)]
  2919 | D:4      | Frozen to death by an endoplasm

Illustrated notes

Levels and vault maps discovered:
D:1:      pf_arrival_petrified_forest, layout_loops_corners,
          shapermc_ecumenical_altar_mp_ritualfount, nicolae_shop_unique_rings,
          minmay_misc_feat_rows
D:2:      layout_loops_ring, basic_altar, uniq_robin, uniq_jessica
D:3:      layout_basic, portal_sewer_entry_a, chequers_arboretum
D:4:      layout_loops_ring, zin_angel, kennysheep_generic_room_4

Skill      XL: |  1  2  3  4  5  6 |
---------------+-------------------+-----
Armour         | 4 5 6 |  6.2
Axes           | 3 4 5 |  5.5
Fighting       | 4 |  4.1
Shields        | 4 |  4.0
Throwing       | |  0.6
Dodging        | |  0.3
Stealth        | |  0.1

Action                   |  1- 3 |  4- 6 || total
-------------------------+-------+-------++-------
Melee: War axe           |    29 |   110 ||   139
       Headbutt          |     4 |    10 ||    14
Throw: Javelin           |    13 |     5 ||    18
Armor: Scale mail        |    14 |     9 ||    23
       Plate armour      |       |    75 ||    75
Dodge: Dodged            |    16 |    29 ||    45
Block: Buckler           |     8 |    26 ||    34
